 Dungeon Crawl Stone Soup version 0.19.0-24-gb05acd6 (webtiles) character file.

62 Nimsei the Skirmisher (level 3, 0/29 HPs)
             Began as a Demonspawn Abyssal Knight on Nov 21, 2016.
             Was a Follower of Lugonu.
             Slain by an ice beast (3 damage)
             ... on level 6 of the Dungeon.
             The game lasted 00:08:32 (1394 turns).

Nimsei the Skirmisher (Demonspawn Abyssal Knight)   Turns: 1394, Time: 00:08:33

Health: 0/29       AC:  5    Str: 13    XL:     3   Next: 85%
Magic:  5/5        EV: 10    Int: 13    God:    Lugonu [*.....]
Gold:   83         SH:  0    Dex: 12    Spells: 0 memorised, 2 levels left

rFire  . . .     SeeInvis .     a - +1 spear
rCold  . . .     Gourm    .     e - +0 ring mail
rNeg   . . .     Faith    .     (no shield)
rPois  .         Spirit   .     (no helmet)
rElec  .         Reflect  .     (no cloak)
rCorr  .         Harm     .     (no gloves)
MR     .....                    (no boots)
Stlth  +.........               g - amulet of regeneration
                                (no ring)
                                (no ring)

@: no status effects
A: claws 1
a: Depart the Abyss, Renounce Religion


You were on level 6 of the Dungeon.
You worshipped Lugonu.
Lugonu was aware of your devotion.
You were not hungry.

You visited 1 branch of the dungeon, and saw 5 of its levels.
You visited the Abyss 1 time.

You collected 83 gold pieces.

Inventory:

Hand Weapons
 a - a +1 spear (weapon)
Armour
 e - a +0 ring mail (worn)
Jewellery
 g - an amulet of regeneration (around neck)
 h - an uncursed amulet of regeneration
 q - an uncursed amulet of harm {unknown}
 t - an uncursed amulet of rage {unknown}
Wands
 r - a wand of enslavement (6/24)
Scrolls
 b - 2 scrolls of teleportation
 f - a scroll of blinking {unknown}
 j - 3 scrolls of recharging
 k - 2 scrolls of remove curse
 m - a scroll of fog
 n - 2 scrolls of fear {unknown}
 s - a scroll of identify
Potions
 l - a potion of curing
Comestibles
 c - 3 bread rations
 d - 2 beef jerkies
 i - 2 meat rations
 o - 5 fruits
 p - 2 chunks of flesh


   Skills:
 + Level 3.4 Fighting
 + Level 2.8 Polearms
 + Level 2.3 Armour
 + Level 0.8 Dodging
 + Level 3.0 Invocations


You had 2 spell levels left.
You didn't know any spells.

Dungeon Overview and Level Annotations

Branches:
Dungeon (6/15)             Temple (0/1) D:5

Altars:

Annotations:
D:5 Eustachio


Innate Abilities, Weirdness & Mutations

You have sharp fingernails.


Message History

* * * LOW HITPOINT WARNING * * *
You are too injured to fight recklessly!
You feel better.
The ice beast hits you but does no damage.
You feel better.
The ice beast hits you but does no damage.
You hit the ice beast.
The ice beast is lightly wounded.
The ice beast barely misses you.
You hit the ice beast but do no damage.
The ice beast is lightly wounded.
The ice beast closely misses you.
You closely miss the ice beast.
The ice beast is lightly wounded.
The ice beast hits you. The ice beast freezes you!
* * * LOW HITPOINT WARNING * * *
You hit the ice beast.
The ice beast is moderately wounded.
The ice beast hits you.
You die...

#. ...
######... #.
#........ #.
#......#
#.##......#
###...@Y....##
#......†......
#........#+###
#........#
#........#
########?# .#
.# .#


You could see an ice beast.

Vanquished Creatures
  2 adders (D:2)
  2 leopard geckos
  4 orcs
  3 giant cockroaches
  4 goblins
  3 hobgoblins
  2 jackals (D:3)
  A ball python (D:2)
  2 bats
  3 frilled lizards
  5 kobolds
  8 rats
39 creatures vanquished.

Notes
Turn   | Place    | Note
-------+----------+-------------------------------------------
     0 | Abyss:1  | Nimsei the Demonspawn Abyssal Knight began the quest for the Orb.
     0 | Abyss:1  | Reached XP level 1. HP: 18/18 MP: 2/2
   154 | Abyss:1  | Noticed a smoke demon
   154 | D:1      | Escaped the Abyss
   537 | D:1      | Reached * piety under Lugonu
   555 | D:2      | Gained mutation: You have sharp fingernails. [demonic ancestry]
   555 | D:2      | Reached XP level 2. HP: 24/24 MP: 4/4
   624 | D:2      | Reached XP level 3. HP: 11/29 MP: 5/5
  1305 | D:3      | You fall through a shaft for 2 floors!
  1305 | D:5      | Entered Level 5 of the Dungeon
  1350 | D:5      | Found a staircase to the Ecumenical Temple.
  1353 | D:5      | Noticed Eustachio
  1381 | D:6      | Noticed an ice beast
  1388 | D:6      | HP: 1/29 [ice beast (14)]
  1394 | D:6      | Slain by an ice beast

Skill      XL: |  1  2 |
---------------+-------+-----
Armour         | 2 |  2.3
Polearms       | 2 |  2.8
Invocations    | 3 |  3.0
Fighting       | |  3.4
Dodging        | |  0.8

Action                   || total
-------------------------++-------
Melee: Spear             ||   173
Invok: Depart the Abyss  ||     1
  Use: Scroll            ||     7
       Potion            ||     2
  Eat: Chunk             ||     2
Armor: Leather armour    ||     3
       Ring mail         ||    56
Dodge: Dodged            ||    93
